 Dungeon Crawl Stone Soup version 0.29-a0-409-gd843f3a48c (webtiles) character file.

Game seed: 2042951072041237981

13 holysushi the Grave Robber (level 2, -2/20 HPs)
             Began as a Mummy Necromancer on May 14, 2022.
             Slain by Terence
             ... wielding a +0 short sword
              (3 damage)
             ... on level 1 of the Dungeon.
             The game lasted 00:00:57 (1217 turns).

holysushi the Grave Robber (Mummy Necromancer)      Turns: 1217, Time: 00:00:58

Health: -2/20      AC:  2    Str: 11    XL:     2   Next: 24%
Magic:  0/5        EV: 12    Int: 14    God:
Gold:   49         SH:  0    Dex: 12    Spells: 5/6 levels left

rFire   x . .      SeeInvis .     - Unarmed
rCold   + . .      Faith    .   (no shield)
rNeg    + + +      Spirit   .   a - +0 robe
rPois   ∞          Reflect  .   (no helmet)
rElec   .          Harm     .   (no cloak)
rCorr   .          Rampage  .   (no gloves)
Will    .....                   (no boots)
Stlth   ++........              (no amulet)
HPRegen 0.06/turn               (no ring)
MPRegen 0.09/turn               (no ring)

@: no status effects
A: cold resistance 1, negative energy resistance 3, torment resistance 2, heat
vulnerability 1, no potions
a: no special abilities


You were on level 1 of the Dungeon.
You visited 1 branch of the dungeon, and saw 2 of its levels.

You collected 49 gold pieces.

Inventory:

Missiles
 i - 2 javelins
Armour
 a - a +0 robe (worn)
Wands
 j - a wand of paralysis (2)
Scrolls
 b - a scroll of fog {unknown}
 c - a scroll of acquirement {unknown}
 d - 2 scrolls of teleportation {unknown}
 e - a scroll of fear {unknown}
 f - a scroll of brand weapon {unknown}
 g - a scroll of silence {unknown}
 h - a scroll of blinking {unknown}


   Skills:
 - Level 0.9 Fighting
 - Level 1.5 Dodging
 - Level 1.5 Stealth
 + Level 1.2 Unarmed Combat
 - Level 2.6 Spellcasting
 - Level 4.0 Necromancy


You had 5 spell levels left.
You knew the following spells:

 Your Spells              Type           Power      Damage    Failure   Level
a - Pain                  Necr           52%        1d6       4%          1

Your spell library contained the following spells:

 Spells                   Type           Power      Damage    Failure   Level
 Animate Skeleton         Necr           26%        N/A       4%          1
 Vampiric Draining        Necr           13%        2d6       13%         3
 Animate Dead             Necr           6%         N/A       38%         4
 Agony                    Necr           13%        N/A       75%         5


Dungeon Overview and Level Annotations

Branches:
Dungeon (2/15)

Altars:

Annotations:
D:1 Terence


Innate Abilities, Weirdness & Mutations

You are immune to poison.
Your flesh is cold resistant. (rC+)
You are immune to negative energy. (rN+++)
You are immune to unholy pain and torment.
You are vulnerable to heat. (rF-)
You do not drink.


Message History

Aiming: Pain (safe; 4% risk of failure)
Press: ? - help, Shift-Dir - straight line, f/p - Terence
Aim: Terence, wielding a +0 short sword, wearing a +0 scale mail and carrying a wand of digging (3) (moderately wounded, chance to affect: 76%) Terence writhes in agony.
Casting: Pain (safe; 4% risk of failure)
Confirm with . or Enter, or press ? or * to list all spells.
Aiming: Pain (safe; 4% risk of failure)
Press: ? - help, Shift-Dir - straight line, f/p - Terence
Aim: Terence, wielding a +0 short sword, wearing a +0 scale mail and carrying a wand of digging (3) (heavily wounded, chance to affect: 76%) Terence writhes in agony.
Casting: Pain (safe; 4% risk of failure)
Confirm with . or Enter, or press ? or * to list all spells.
Aiming: Pain (safe; 4% risk of failure)
Press: ? - help, Shift-Dir - straight line, f/p - Terence
Aim: Terence, wielding a +0 short sword, wearing a +0 scale mail and carrying a wand of digging (3) (heavily wounded, chance to affect: 76%) Terence writhes in agony.
Terence closely misses you. The adder closely misses you.
Terence closely misses you.
You climb upwards.
There is a stone staircase leading down here.
Casting: Pain (safe; 4% risk of failure)
Confirm with . or Enter, or press ? or * to list all spells.
Aiming: Pain (safe; 4% risk of failure)
Press: ? - help, Shift-Dir - straight line, f - Terence
Aim: Terence, wielding a +0 short sword, wearing a +0 scale mail and carrying a wand of digging (3) (severely wounded, chance to affect: 76%) Terence writhes in agony.
The adder bites you. Terence barely misses you. The adder barely misses you.
Unknown command.
You hit Terence but do no damage.
Terence is severely wounded.
The adder closely misses you. Terence hits you with a +0 short sword!
You hit Terence.
Terence is almost dead.
The adder bites you. Terence hits you with a +0 short sword.
* * * LOW HITPOINT WARNING * * *
You barely miss Terence. Your punch misses Terence.
Terence is almost dead.
The adder bites you.
* * * LOW HITPOINT WARNING * * *
Terence hits you with a +0 short sword.
You die...

####### #.....# #.###.#
#.# #.###########
#########.# #......).....
#.........# #..##########
#.###########..##..†.....
#.# #@@.....##.######.
####.# #S##....##.##.....
#....#
####.#.#...##.##>###.
#.#### #.....###.###.##.#
## #.# #.##...#.####.##.#
# #.# #.###.....##....!#
# # #.# #.#
##..#.......## # # #.#
#.####..###.....# # # ###
###.##............# #


You could see Terence and an adder.

Vanquished Creatures
  A bat (D:1)
  An endoplasm (D:1)
  3 goblins (D:1)
  2 hobgoblins (D:1)
  2 ball pythons (D:1)
  2 frilled lizards (D:1)
  A kobold (D:1)
12 creatures vanquished.

Notes
Turn   | Place    | Note
-------+----------+-------------------------------------------
     0 | D:1      | holysushi the Mummy Necromancer began the quest for the
                  | Orb.
     0 | D:1      | Reached XP level 1. HP: 13/13 MP: 4/4
   373 | D:1      | Reached skill level 1 in Unarmed Combat
   373 | D:1      | Reached XP level 2. HP: 20/20 MP: 3/5
  1199 | D:2      | Noticed Terence
  1217 | D:1      | HP: 1/20 [adder (1)]
  1217 | D:1      | Slain by Terence

Illustrated notes

Levels and vault maps discovered:
D:1:      dpeg_arrival_rooms_a, layout_loops_ring, chequers_serial_rivers_marsh
D:2:      layout_basic, serial_shops, nicolae_diamond_shop,
          dreamdust_princess_corridor, uniq_jessica, uniq_terence

Skill      XL: |  1 |
---------------+----+-----
Unarmed Combat | 1 |  1.2
Fighting       | |  0.9
Dodging        | |  1.5
Stealth        | |  1.5
Spellcasting   | |  2.6
Necromancy     | |  4.0

Action                   || total
-------------------------++-------
Melee: Unarmed           ||    14
 Cast: Pain              ||    27
Dodge: Dodged            ||    14

Table legend: (Time is in decaauts)
 A = Elapsed time spent in this place.
 B = Non-inter-level travel time spent in this place.
 C = Inter-level travel time spent in this place.
 D = Time resting spent in this place.
 E = Time spent auto-exploring this place.
 F = Levels seen in this place.
 G = Mean time per level.
                   A        B        C        D        E       F      G
               +--------+--------+--------+--------+--------+-----+--------+
         Total |   1218 |   1162 |     56 |    171 |    858 |   2 |  609.0 |
       Dungeon |   1218 |   1162 |     56 |    171 |    858 |   2 |  609.0 |
               +--------+--------+--------+--------+--------+-----+--------+

Top non-repeatable levels by time:
     D:1: 1190 daAuts
     D:2: 27 daAuts
